 Dungeon Crawl Stone Soup version 0.28-a0-925-gd5e1996cdb (webtiles) character file.

Game seed: 2448923087088094855

6185 tnargy the Cleaver (level 10, -10/91 HPs)
             Began as a Minotaur Berserker on Nov 26, 2021.
             Was an Elder of Trog.
             Mangled by a two-headed ogre (24 damage)
             ... on level 10 of the Dungeon.
             The game lasted 00:47:19 (11296 turns).

tnargy the Cleaver (Minotaur Berserker)            Turns: 11296, Time: 00:47:20

Health: -10/91     AC: 12    Str: 30    XL:     10   Next: 60%
Magic:  9/9        EV: 13    Int:  4    God:    Trog [****..]
Gold:   393        SH:  5    Dex: 17    Spells: 9/9 levels left

rFire   . . .      SeeInvis .   k - +1 war axe
rCold   . . .      Faith    .   e - +0 buckler
rNeg    . . .      Spirit   .   c - +0 chain mail
rPois   .          Reflect  .   (helmet restricted)
rElec   .          Harm     .   (no cloak)
rCorr   .          Rampage  .   g - +0 pair of gloves
Will    .....      Rage     1%  (no boots)
Stlth   ..........              (no amulet)
HPRegen 0.25/turn               h - +6 ring of dexterity
MPRegen 0.11/turn               y - +6 ring of strength

@: on berserk cooldown, slowed, studying Stealth, invisible, very slow
A: horns 2, retaliatory headbutt, berserk 1
a: Renounce Religion, Berserk, Trog's Hand, Brothers in Arms


You were on level 10 of the Dungeon.
You worshipped Trog.
Trog was greatly pleased with you.
You visited 2 branches of the dungeon, and saw 11 of its levels.

You collected 393 gold pieces.

Inventory:

Hand Weapons
 a - a +1 hand axe
 k - a +1 war axe (weapon)
 w - a +0 battleaxe
Armour
 c - a +0 chain mail (worn)
 e - a +0 buckler (worn)
 g - a +0 pair of gloves (worn)
Jewellery
 h - a +6 ring of dexterity (left hand)
 y - a +6 ring of strength (right hand)
Wands
 m - a wand of polymorph (6)
 r - a wand of iceblast (15)
 s - a wand of charming (7)
 v - a wand of flame (11)
Scrolls
 b - a scroll of teleportation
 u - a scroll of acquirement {unknown}
 x - a scroll of enchant weapon
Potions
 f - a potion of degeneration {unknown}
 i - 2 potions of flight
 j - 4 potions of curing
 l - a potion of brilliance {unknown}
 n - a potion of ambrosia {unknown}
 p - a potion of cancellation
 q - a potion of haste
 t - a potion of might {unknown}


   Skills:
 + Level 9.3 Fighting
 * Level 12.5 Axes
 + Level 8.9 Armour
 + Level 8.1 Dodging
 + Level 2.9 Shields


You had 9 spell levels left.
You didn't know any spells.
Your spell library was empty.

Dungeon Overview and Level Annotations

Branches:
Dungeon (10/15)            Temple (1/1) D:6            Lair (0/6) D:8
    Orc: D:9-12

Altars:
Ashenzari
Cheibriados
Dithmenos
Elyvilon
Fedhas
Gozag
Hepliaklqana
Nemelex Xobeh
Okawaru
Trog
Uskayaw
Zin
The Shining One


Innate Abilities, Weirdness & Mutations

You have a pair of horns on your head.
You reflexively headbutt those who attack you in melee.
You tend to lose your temper in combat.


Message History

Something hits you but does no damage.
You barely miss the hornet. Your headbutt misses the hornet.
You closely miss something.
The hornet stings you but does no damage.
You hear some strange, mumbled words.
A magic dart appears from out of thin air!
The magic dart hits you. The hornet stings you!
You feel as though you will be slow longer.
The hornet closely misses you. The hornet stings you!
You suddenly lose the ability to move!
The hornet stings you!
You are poisoned.
You feel as though you will be slow longer.
The hornet stings you but does no damage.
You feel very sick. The hornet barely misses you.
You can move again.
You fade into invisibility!
You are no longer corroded.
You feel very sick. You block the hornet's attack. x2
The two-headed ogre completely misses you.
You furiously retaliate!
You headbutt the two-headed ogre.
The two-headed ogre hits you with a +0 giant club!
* * * LOW HITPOINT WARNING * * *
You feel sick.
The hornet stings you but does no damage.
You hear some strange, mumbled words.
The hornet easily resists.
You block the hornet's attack.
You feel sick.
The two-headed ogre hits you with a +0 great mace.
* * * LOW HITPOINT WARNING * * *
The two-headed ogre hits you with a +0 giant club.
* * * LOW HITPOINT WARNING * * *
* * * LOW HITPOINT WARNING * * *
You feel sick.
You feel better. You block the two-headed ogre's attack.
The two-headed ogre barely misses you. You block the two-headed ogre's attack.
The two-headed ogre hits you with a +0 giant club!!
You die...

#####y# #### .. ### #....O#
#..#####' ..# #.#####
##..##..#. ### +### ###[##
#####.##.#..#. ....#
##.[..####....####.....
.....##......##......##......
#. #.......#.......#.......#..
.. ##....####....####....####.
.####....####@...####....####.
#.
.#.......#.OV....#.(.....#...
..#
.....##...y..##..)...##......
..##....#
##....####.)..####....#
#.#.###.#
####.#.####.......####
....###.######....###.........
....................+.........+
....###.######....###.........#
........# #....# ##.......##


You could see a two-headed ogre, a hornet and a vampire.

Vanquished Creatures
  A two-headed ogre (D:9)
  Pikel (D:6)
  A hornet (D:8)
  Prince Ribbit (D:6)
  The ghost of AttackTheMoon the Sneak, an amateur VSBr (D:3)
  A wyvern (D:7)
  3 yaks
  2 acid dragons
  A water moccasin (D:4)
  An ice beast (D:4)
  4 black bears
  5 orc warriors
  A hornet zombie (D:5)
  2 sky beasts (D:6)
  5 ogres
  3 centaurs
  A phantom (D:4)
  3 lemures (D:6)
  A kobold brigand (D:7)
  A bullfrog (D:7)
  3 scorpions
  A gnoll sergeant (D:7)
  5 killer bees (D:8)
  3 wights (D:8)
  3 howler monkeys
  2 centaur zombies
  2 jellies
  4 hounds
  5 orc priests
  2 bullfrog skeletons (D:6)
  Terence (D:3)
  Natasha (thrice) (D:3)
  6 orc wizards
  A hound skeleton (D:5)
  4 gnolls (D:7)
  5 adders
  A shadow imp (D:7)
  A white imp (D:8)
  2 ufetubi
  A worm (D:2)
  2 dart slugs
  21 orcs
  6 ball pythons
  11 bats
  9 endoplasms
  3 giant cockroaches (D:2)
  12 goblins
  9 hobgoblins
  6 quokkas
  2 frilled lizards
  12 kobolds
  3 rats
190 creatures vanquished.

Vanquished Creatures (others)
  15 fungi
  14 plants
  2 withered plants (D:3)
31 creatures vanquished.

Grand Total: 221 creatures vanquished

Notes
Turn   | Place    | Note
-------+----------+-------------------------------------------
     0 | D:1      | tnargy the Minotaur Berserker began the quest for the Orb.
     0 | D:1      | Reached XP level 1. HP: 19/19 MP: 0/0
   197 | D:1      | Reached XP level 2. HP: 20/27 MP: 1/1
   451 | D:1      | Reached skill level 4 in Axes
   506 | D:1      | You fall into a shaft and drop 1 floor!
   514 | D:2      | Reached ** piety under Trog
   634 | D:2      | Reached XP level 3. HP: 33/33 MP: 2/2
   885 | D:1      | Found a faded altar of an unknown god.
  1864 | D:3      | Noticed an ogre
  1866 | D:3      | Reached XP level 4. HP: 40/40 MP: 3/3
  2012 | D:3      | Noticed Natasha
  2021 | D:3      | Killed Natasha
  2129 | D:3      | Reached skill level 5 in Axes
  2129 | D:3      | Reached XP level 5. HP: 38/47 MP: 4/4
  2268 | D:3      | Noticed Natasha
  2274 | D:3      | Killed Natasha
  2274 | D:3      | Reached *** piety under Trog
  2448 | D:3      | Noticed Terence
  2482 | D:3      | Killed Terence
  2640 | D:3      | Noticed Natasha
  2647 | D:3      | Killed Natasha
  2648 | D:3      | Reached skill level 5 in Fighting
  2648 | D:3      | Reached XP level 6. HP: 48/56 MP: 5/5
  2677 | D:3      | Reached skill level 6 in Axes
  3312 | D:3      | Found a runed translucent door.
  3312 | D:3      | Noticed AttackTheMoon's ghost (amateur VSBr)
  3462 | D:3      | Killed AttackTheMoon's ghost
  3463 | D:3      | Reached XP level 7. HP: 58/61 MP: 6/6
  3881 | D:4      | Reached skill level 7 in Axes
  3881 | D:4      | Reached skill level 5 in Armour
  4729 | D:4      | Reached skill level 5 in Dodging
  4729 | D:4      | Reached XP level 8. HP: 46/70 MP: 7/7
  4861 | D:4      | Reached skill level 8 in Axes
  5068 | D:5      | Entered Level 5 of the Dungeon
  5513 | D:5      | Found a glowing silver altar of Zin.
  5595 | D:5      | Reached skill level 9 in Axes
  5842 | D:6      | Reached **** piety under Trog
  6004 | D:6      | Noticed Pikel
  6130 | D:6      | Killed Pikel
  6131 | D:6      | Reached skill level 10 in Axes
  6131 | D:6      | Reached XP level 9. HP: 80/80 MP: 8/8
  6315 | D:6      | Found an opulent altar of Gozag.
  6322 | D:6      | Found a bloodstained altar of Trog.
  6322 | D:6      | Found a blossoming altar of Fedhas.
  6322 | D:6      | Found a glowing golden altar of the Shining One.
  6323 | D:6      | Found a snail-covered altar of Cheibriados.
  6324 | D:6      | Found an iron altar of Okawaru.
  6325 | D:6      | Found a broken altar of Ashenzari.
  6741 | D:6      | You fall into a shaft and drop 1 floor!
  7563 | D:6      | Noticed Prince Ribbit
  7584 | D:6      | Killed Prince Ribbit
  7585 | D:6      | Reached skill level 11 in Axes
  7884 | D:6      | Found a staircase to the Ecumenical Temple.
  8141 | D:7      | Identified the +2 helmet "Osudirr" {Int+7}
  8570 | Temple   | Entered the Ecumenical Temple
  9089 | D:7      | Reached XP level 10. HP: 51/90 MP: 9/9
  9975 | D:8      | Found a staircase to the Lair.
 10026 | D:8      | Reached skill level 1 in Shields
 10412 | D:8      | Reached skill level 12 in Axes
 10853 | D:9      | Noticed a two-headed ogre
 10865 | D:9      | Killed a two-headed ogre
 11088 | D:9      | Gained mutation: You tend to lose your temper in combat. [a
                  | neqoxec]
 11098 | D:9      | Noticed a soul eater
 11108 | D:10     | Entered Level 10 of the Dungeon
 11263 | D:10     | Noticed a two-headed ogre
 11263 | D:10     | Noticed a two-headed ogre
 11267 | D:10     | Noticed a gargoyle
 11288 | D:10     | Paralysed by a hornet for 3 turns
 11294 | D:10     | HP: 3/91 [poisoned by a hornet]
 11296 | D:10     | Mangled by a two-headed ogre

Illustrated notes

Levels and vault maps discovered:
D:1:      nzn_arrival_crosshair, layout_basic,
          shapermc_ecumenical_altar_mp_ritualfount, hex_intersection,
          chequers_garden
D:2:      layout_basic, kennysheep_generic_room_2
D:3:      layout_basic, gammafunk_ghost_grave, uniq_natasha, uniq_terence
D:4:      layout_cave_pods, minmay_manual_moon
D:5:      layout_rooms, zin_statuary
D:6:      layout_loops_corners, minitemple, minmay_temple_entry_fiery,
          uniq_pikel, uniq_prince_ribbit1
D:7:      layout_basic, enter_bailey_6
D:8:      layout_basic, grunt_lair_entry_orc_guard_hut
D:9:      layout_loops_ring, uniq_grum, uniq_harold
D:10:     wad_guarded_room, layout_loops_corners,
          yredelemnul_forgotten_temple_becter
Temple:   cyrus_circular_temple

Skill      XL: |  1  2  3  4  5  6  7  8  9 10 |
---------------+-------------------------------+-----
Axes           | 4 5 6 7 10 11 12 | 12.5
Fighting       | 4 5 6 7 8 9 |  9.3
Armour         | 3 4 5 7 8 |  8.9
Dodging        | 3 4 5 6 7 8 |  8.1
Shields        | 2 |  2.9

Action                   |  1- 3 |  4- 6 |  7- 9 | 10-12 || total
-------------------------+-------+-------+-------+-------++-------
Melee: Hand axe          |    96 |    97 |    99 |       ||   292
       Headbutt          |    14 |    19 |    63 |    20 ||   116
       War axe           |       |       |   197 |    89 ||   286
Invok: Berserk           |       |     2 |     4 |     2 ||     8
       Trog's Hand       |       |       |     3 |       ||     3
  Use: Scroll            |       |       |    12 |     2 ||    14
       Potion            |       |       |     2 |     4 ||     6
Armor: Chain mail        |    57 |    47 |   139 |    50 ||   293
       Skin              |       |     1 |       |       ||     1
Dodge: Dodged            |    39 |    31 |   122 |    69 ||   261
Block: Buckler           |       |       |       |    12 ||    12

Table legend: (Time is in decaauts)
 A = Elapsed time spent in this place.
 B = Non-inter-level travel time spent in this place.
 C = Inter-level travel time spent in this place.
 D = Time resting spent in this place.
 E = Time spent auto-exploring this place.
 F = Levels seen in this place.
 G = Mean time per level.
                   A        B        C        D        E       F      G
               +--------+--------+--------+--------+--------+-----+--------+
         Total |  11358 |  10885 |    473 |   3219 |   5627 |  11 | 1032.5 |
       Dungeon |  11354 |  10882 |    472 |   3219 |   5627 |  10 | 1135.4 |
        Temple |      3 |      3 |      0 |      0 |      0 |   1 |    3.0 |
               +--------+--------+--------+--------+--------+-----+--------+

Top non-repeatable levels by time:
     D:8: 1777 daAuts
     D:7: 1768 daAuts
     D:3: 1727 daAuts
     D:4: 1576 daAuts
     D:6: 1539 daAuts
     D:2: 1127 daAuts
     D:1: 777 daAuts
     D:5: 627 daAuts
     D:9: 243 daAuts
    D:10: 189 daAuts
  Temple: 3 daAuts
